 Dungeon Crawl Stone Soup version 0.27-a0-1278-g6cbc8dfb29 (webtiles) character file.

Game seed: 6125102646632565636

509 wakim the Skirmisher (level 7, -1/112 HPs)
             Began as an Ogre Berserker on June 12, 2021.
             Was a Believer of Trog.
             Slain by an orc (3 damage)
             ... on level 4 of the Dungeon.
             The game lasted 00:10:07 (4504 turns).

wakim the Skirmisher (Ogre Berserker)               Turns: 4504, Time: 00:10:07

Health: -1/112     AC:  3    Str: 24    XL:     7   Next: 19%
Magic:  7/7        EV: 10    Int:  8    God:    Trog [**....]
Gold:   142        SH:  0    Dex:  8    Spells: 6/6 levels left

rFire    . . .     SeeInvis .   a - +1 giant club
rCold    . . .     Faith    .   (shield currently unavailable)
rNeg     . . .     Spirit   .   f - +0 animal skin
rPois    .         Reflect  .   (helmet restricted)
rElec    .         Harm     .   (no cloak)
rCorr    .         Rampage  .   (gloves unavailable)
Will     +++..                  (boots unavailable)
Stlth    ..........             (no amulet)
HPRegen  1.28/turn              e - ring of willpower
MPRegen  0.10/turn              (no ring)

@: berserking, lethally poisoned (-1 -> -2), strong-willed, regenerating, very
quick
A: large, unfitting armour, tough skin 1
a: Renounce Religion, Berserk, Trog's Hand


You were on level 4 of the Dungeon.
You worshipped Trog.
Trog was pleased with you.
You visited 1 branch of the dungeon, and saw 4 of its levels.

You collected 142 gold pieces.

Inventory:

Hand Weapons
 a - a +1 giant club (weapon)
 b - a +0 flail
Missiles
 c - 27 poisoned darts (quivered)
 o - 2 boomerangs
Armour
 f - a +0 animal skin (worn)
Jewellery
 e - a ring of willpower (left hand)
Wands
 v - a wand of flame (32)
Scrolls
 r - 2 scrolls of identify
 S - 2 scrolls of summoning
Potions
 k - a potion of haste {unknown}
 l - 2 potions of mutation {unknown}
 p - a potion of lignification {unknown}
 q - a potion of magic {unknown}
 F - 2 potions of curing
 J - 2 potions of heal wounds


   Skills:
 + Level 6.1 Fighting
 * Level 4.9 Maces & Flails
 + Level 2.0 Throwing
 * Level 4.4 Dodging


You had 6 spell levels left.
You didn't know any spells.
Your spell library was empty.

Dungeon Overview and Level Annotations

Branches:
Dungeon (4/15)             Temple (0/1) D:4

Altars:
Ashenzari
Cheibriados
Hepliaklqana
Makhleb
Trog


Innate Abilities, Weirdness & Mutations

You are too large for most types of armour.
You have tough skin. (AC +1)


Message History

The adder bites you.
* * * LOW HITPOINT WARNING * * *
The adder barely misses you.
Your skin crawls.
You feel strong-willed.
You feel sick. The adder bites you.
* * * LOW HITPOINT WARNING * * *
You are more poisoned.
The adder poisons you!
You miss the adder.
You feel very sick. The adder bites you.
* * * LOW HITPOINT WARNING * * *
You are more poisoned.
The adder poisons you! The adder closely misses you.
You barely miss the adder.
You feel very sick. The adder bites you but does no damage.
The adder completely misses you.
Unknown command.
A red film seems to cover your vision as you go berserk!
You feel yourself moving faster!
You feel mighty!
You feel sick. The adder bites you but does no damage.
You miss the adder.
You feel sick.
You hear a shout!
The adder bites you but does no damage.
An ogre comes into view. It is wielding a +0 giant club.
You barely miss the adder.
You feel sick. The adder barely misses you.
The adder bites you but does no damage.
You closely miss the adder.
You feel sick. The orc hits you with a +0 flail!
* * * LOW HITPOINT WARNING * * *
The adder bites you.
* * * LOW HITPOINT WARNING * * *
You are too berserk!
Unknown command.
You feel sick. The orc hits you with a +0 flail.
* * * LOW HITPOINT WARNING * * *
Unknown command.
Unknown command.
You closely miss the orc. The orc hits you with a +0 flail.
You die...

##....#######
#...........
###...........
##...###...####
##..#..##..##
##...#...#..#
##...###....##
##.oO........#
#.@S#.....#...#
#..###..>..###.#
#.. #.....# .#
##. ........ #.
...###.....
##..... ....# #
##.... ..## .
##.. ### .


You could see an ogre, an adder and an orc.

Vanquished Creatures
  A necrophage (D:4)
  An ogre (D:3)
  A scorpion (D:4)
  A hound (D:4)
  Jessica (D:2)
  A hound skeleton (D:4)
  Robin (D:3)
  3 gnolls (D:4)
  8 adders
  6 ball pythons
  8 endoplasms
  2 giant cockroaches
  16 goblins
  5 hobgoblins
  11 jackals
  4 quokkas
  5 bats
  3 frilled lizards
  5 kobolds
  9 rats
92 creatures vanquished.

Notes
Turn   | Place    | Note
-------+----------+-------------------------------------------
     0 | D:1      | wakim the Ogre Berserker began the quest for the Orb.
     0 | D:1      | Reached XP level 1. HP: 24/24 MP: 1/1
   182 | D:1      | Reached XP level 2. HP: 32/32 MP: 2/2
   752 | D:1      | Reached XP level 3. HP: 34/40 MP: 3/3
  1098 | D:1      | Found a faded altar of an unknown god.
  1633 | D:2      | Found a bloodstained altar of Trog.
  1742 | D:2      | Noticed Jessica
  1751 | D:2      | Killed Jessica
  1752 | D:2      | Reached XP level 4. HP: 49/49 MP: 4/4
  2434 | D:2      | Reached ** piety under Trog
  2771 | D:3      | Noticed Robin
  2792 | D:3      | Reached skill level 5 in Fighting
  2798 | D:3      | Killed Robin
  2799 | D:3      | Reached XP level 5. HP: 57/57 MP: 5/5
  2958 | D:3      | Noticed an ogre
  2967 | D:3      | Killed an ogre
  2968 | D:3      | Reached skill level 1 in Throwing
  2968 | D:3      | Reached XP level 6. HP: 64/66 MP: 6/6
  3387 | D:3      | Found a hazy altar of Hepliaklqana.
  3390 | D:3      | Found a snail-covered altar of Cheibriados.
  3391 | D:3      | Found a broken altar of Ashenzari.
  3391 | D:3      | Found a burning altar of Makhleb.
  3821 | D:4      | Identified the +10 hand axe "Zedaulij" {pain, rF+ Int+6}
  4172 | D:4      | Noticed a necrophage
  4186 | D:4      | Killed a necrophage
  4187 | D:4      | Reached skill level 6 in Fighting
  4187 | D:4      | Reached XP level 7. HP: 75/75 MP: 7/7
  4465 | D:4      | Found a staircase to the Ecumenical Temple.
  4503 | D:4      | HP: 1/112 [orc (5)]
  4504 | D:4      | Slain by an orc

Illustrated notes

Levels and vault maps discovered:
D:1:      dpeg_arrival_tiny_i, layout_loops_ring, ebering_ecumenical_altar_hall
D:2:      layout_loops_ring, basic_altar, grunt_ministairs_1, moated_statue,
          uniq_jessica
D:3:      layout_loops_ring, grunt_temple_overflow_open, minmay_box_of_dots,
          uniq_robin
D:4:      layout_layer_cave, minmay_temple_entry_tees

Skill      XL: |  1  2  3  4  5  6  7 |
---------------+----------------------+-----
Maces & Flails | 3 4 |  4.9
Dodging        | 3 4 |  4.4
Fighting       | 5 6 |  6.1
Throwing       | 1 2 |  2.0

Action                   |  1- 3 |  4- 6 |  7- 9 || total
-------------------------+-------+-------+-------++-------
Melee: Mace              |    77 |       |       ||    77
       Whip              |    14 |       |       ||    14
       Flail             |    29 |    84 |       ||   113
       Giant club        |       |    53 |    34 ||    87
Throw: Boomerang         |       |    11 |       ||    11
       Dart              |       |     7 |     1 ||     8
Invok: Berserk           |     1 |     3 |     2 ||     6
       Trog's Hand       |       |     2 |     2 ||     4
Evoke: Wand              |       |     4 |       ||     4
  Use: Scroll            |     1 |     7 |       ||     8
Armor: Animal skin       |    50 |    37 |    10 ||    97
Dodge: Dodged            |    73 |    82 |    21 ||   176

Table legend: (Time is in decaauts)
 A = Elapsed time spent in this place.
 B = Non-inter-level travel time spent in this place.
 C = Inter-level travel time spent in this place.
 D = Time resting spent in this place.
 E = Time spent auto-exploring this place.
 F = Levels seen in this place.
 G = Mean time per level.
                   A        B        C        D        E       F      G
               +--------+--------+--------+--------+--------+-----+--------+
         Total |   4624 |   4455 |    169 |    287 |   3469 |   4 | 1156.0 |
       Dungeon |   4624 |   4455 |    169 |    287 |   3469 |   4 | 1156.0 |
               +--------+--------+--------+--------+--------+-----+--------+

Top non-repeatable levels by time:
     D:2: 1418 daAuts
     D:3: 1209 daAuts
     D:1: 1177 daAuts
     D:4: 819 daAuts
